 Dungeon Crawl Stone Soup version 0.21.1-1-g345015f (webtiles) character file.

448 Drak the Grave Robber (level 7, -3/52 HPs)
             Began as a Hill Orc Necromancer on June 11, 2018.
             Slain by Natasha (10 damage)
             ... on level 3 of the Dungeon.
             The game lasted 00:29:25 (3130 turns).

Drak the Grave Robber (Hill Orc Necromancer)        Turns: 3130, Time: 00:29:25

Health: -3/52      AC:  3    Str: 11    XL:     7   Next: 4%
Magic:  5/12       EV: 12    Int: 17    God:
Gold:   218        SH:  0    Dex: 11    Spells: 4/13 levels left

rFire    . . .     SeeInvis .   b - +0 hand axe (flame)
rCold    . . .     Gourm    .   (no shield)
rNeg     . . .     Faith    .   g - +0 robe
rPois    .         Spirit   .   (no helmet)
rElec    .         Reflect  .   (no cloak)
rCorr    .         Harm     .   o - +0 pair of gloves
MR       .....                  (no boots)
Stlth    ++........             (no amulet)
HPRegen  0.17/turn              (no ring)
MPRegen  0.13/turn              (no ring)

@: no status effects
A: no striking features
a: no special abilities


You were on level 3 of the Dungeon.
You were not hungry.

You visited 1 branch of the dungeon, and saw 4 of its levels.

You collected 218 gold pieces.

Inventory:

Hand Weapons
 a - a +0 dagger of venom
 b - a +0 hand axe of flaming (weapon)
Missiles
 d - 28 arrows
 m - 13 poisoned needles
Armour
 g - a +0 robe (worn)
 o - a +0 pair of gloves (worn)
Scrolls
 h - 9 scrolls of identify
 i - a scroll of enchant weapon
 j - 4 scrolls of fear
 l - 6 scrolls of remove curse
 n - a scroll of immolation {unknown}
Potions
 e - a potion of heal wounds
 k - a potion of lignification {unknown}
 p - a potion of mutation {unknown}
Books
 q - a book of Necromancy

   Spells                             Type                      Level
   a - Pain                           Necromancy                   1
   b - Animate Skeleton               Necromancy                   1
   c - Vampiric Draining              Necromancy                   3
   d - Regeneration                   Charms/Necromancy            3
   e - Animate Dead                   Necromancy                   4
   f - Borgnjor's Vile Clutch         Necromancy/Earth             5
Comestibles
 c - 8 rations
 f - a chunk of flesh


   Skills:
 + Level 1.5 Fighting
 + Level 0.2 Short Blades
 + Level 2.0 Axes
 + Level 2.0 Dodging
 + Level 1.6 Stealth
 + Level 3.6 Spellcasting
 + Level 1.2 Charms
 + Level 5.8 Necromancy


You had 4 spell levels left.
You knew the following spells:

 Your Spells              Type           Power        Failure   Level  Hunger
a - Pain                  Necr           ###.         1%          1    None
b - Animate Skeleton      Necr           N/A          1%          1    None
c - Regeneration          Chrm/Necr      ###.......   12%         3    ###....
d - Animate Dead          Necr           N/A          14%         4    ####...


Dungeon Overview and Level Annotations

Branches:
Dungeon (4/15)
 Temple: D:4-7

Altars:
Trog

Annotations:
D:3 Natasha
D:4 diana's ghost, novice TeGl


Message History

Confirm with . or Enter, or press ? or * to list all spells.
Aiming: Pain
Press: ? - help, Shift-Dir - straight line, f/p - Natasha
Aim: Natasha (severely wounded, chance to defeat MR: 83%) Natasha barely resists.
Natasha claws you.
* * * LOW HITPOINT WARNING * * *
You barely miss Natasha.
Natasha is severely wounded.
You closely miss the shadow imp.
Natasha stares at you and mumbles some strange words.
The magic dart hits you!
* * * LOW HITPOINT WARNING * * *
The shadow imp barely misses you.
Casting: Pain
Confirm with . or Enter, or press ? or * to list all spells.
Aiming: Pain
Press: ? - help, Shift-Dir - straight line, f/p - Natasha
Aim: Natasha (severely wounded, chance to defeat MR: 83%) Natasha barely resists.
Natasha claws you!
You die...

#....# #..........##..###.#..#
.#....# #..........##..# #.#..##
.#....###.....[........###.#...##
.#.....####......<..####.....#...
.........##...[...##.....#.######
......##.#.......##..#####.#
............#...##..## #.#
.....####.......##.##### #.# ##
.......##.......@......###.#####.
.....#.##.)#....h5...............
.....#...#...#...#####..#########
..>.#..#...#...#..#####.#
.....#...#..(#...#..###.#
...#...#...#...#..5#..#)#
.#...#...#...#...#...#..#
...#...#...#...#..)#....#
.#...#...#...#...#)..#..#


You could see Natasha and a shadow imp.

Vanquished Creatures
  A centaur (D:4)
  A scorpion (D:4)
  Natasha (twice) (D:3)
  2 worker ants
  An orc wizard (D:3)
  2 adders (D:2)
  2 dart slugs
  A leopard gecko (D:1)
  7 orcs
  3 giant cockroaches
  5 goblins
  4 hobgoblins
  3 jackals (D:1)
  5 quokkas
  3 bats (D:2)
  2 frilled lizards
  7 kobolds
  A quokka skeleton (D:4)
  11 rats
63 creatures vanquished.

Vanquished Creatures (collateral kills)
  The ghost of inc the Digger, an amateur OpEE (D:3)
  An orc wizard (D:3)
  A hound skeleton (D:2)
  An adder (D:3)
  4 orcs (D:3)
  2 goblins
  A kobold (D:2)
  2 bats (D:2)
13 creatures vanquished.

Grand Total: 76 creatures vanquished

Notes
Turn   | Place    | Note
-------+----------+-------------------------------------------
     0 | D:1      | Drak the Hill Orc Necromancer began the quest for the Orb.
     0 | D:1      | Reached XP level 1. HP: 14/14 MP: 3/3
   488 | D:1      | Reached XP level 2. HP: 10/20 MP: 1/4
   696 | D:1      | Learned a level 1 spell: Animate Skeleton
  1163 | D:2      | Found a bloodstained altar of Trog.
  1165 | D:2      | Reached XP level 3. HP: 23/26 MP: 2/5
  1523 | D:2      | Found a faded altar of an unknown god.
  1603 | D:2      | Reached XP level 4. HP: 19/33 MP: 5/7
  1608 | D:2      | Learned a level 3 spell: Regeneration
  1896 | D:2      | Reached skill level 1 in Axes
  2201 | D:3      | Noticed Natasha
  2217 | D:3      | Killed Natasha
  2217 | D:3      | Reached skill level 5 in Necromancy
  2217 | D:3      | Reached XP level 5. HP: 25/38 MP: 3/9
  2264 | D:3      | Noticed inc's ghost (amateur OpEE)
  2270 | D:3      | Noticed Natasha
  2278 | D:3      | Killed inc's ghost
  2278 | D:3      | Reached XP level 6. HP: 25/46 MP: 10/10
  2331 | D:3      | Killed Natasha
  2331 | D:3      | Reached skill level 1 in Fighting
  2732 | D:4      | Reached skill level 1 in Charms
  2743 | D:4      | Learned a level 4 spell: Animate Dead
  2787 | D:4      | HP: 1/47 [quokka (5)]
  2788 | D:4      | Reached XP level 7. HP: 2/52 MP: 0/12
  3021 | D:4      | Noticed diana's ghost (novice TeGl)
  3059 | D:3      | HP: 2/52 [poisoned by a worker ant]
  3067 | D:3      | HP: 2/52 [poisoned by a worker ant]
  3121 | D:3      | Noticed Natasha
  3130 | D:3      | Slain by Natasha

Skill      XL: |  1  2  3  4  5  6 |
---------------+-------------------+-----
Spellcasting   | 2 3 |  3.6
Axes           | 1 2 |  2.0
Necromancy     | 5 |  5.8
Fighting       | 1 |  1.5
Charms         | 1 |  1.2
Dodging        | 2 |  2.0
Short Blades   | |  0.2
Stealth        | |  1.6

Action                   |  1- 3 |  4- 6 |  7- 9 || total
-------------------------+-------+-------+-------++-------
Melee: Short sword       |    24 |       |       ||    24
       Unarmed           |     4 |       |       ||     4
       Hand axe          |    19 |    22 |    12 ||    53
       Dagger            |       |    17 |       ||    17
       War axe           |       |    16 |       ||    16
 Cast: Pain              |    40 |    39 |     7 ||    86
       Animate Skeleton  |     9 |    15 |       ||    24
       Regeneration      |       |     7 |     2 ||     9
       Animate Dead      |       |     1 |     1 ||     2
  Use: Scroll            |     4 |       |       ||     4
       Potion            |     1 |     1 |       ||     2
 Stab: Sleeping          |     1 |       |       ||     1
  Eat: Chunk             |     3 |     6 |       ||     9
       Ration            |       |       |     1 ||     1
Armor: Robe              |    10 |    17 |     1 ||    28
Dodge: Dodged            |    31 |    33 |     9 ||    73
